 Seeded DCSS version 0.26.1-16-g4e020e15dc (webtiles) character file.

Game seed: 2094724516846912233 (custom seed)

1666 hikkokomori the Covert (level 8, -11/39 HPs)
             Began as a Spriggan Enchanter on Mar 2, 2022.
             Mangled by an orc warrior (15 damage)
             ... on level 6 of the Dungeon on Mar 13, 2023.
             The game lasted 00:25:02 (10924 turns).

hikkokomori the Covert (Spriggan Enchanter)        Turns: 10924, Time: 00:25:03

Health: -11/39     AC:  2    Str: 11    XL:     8   Next: 69%
Magic:  16/27      EV: 20    Int: 17    God:
Gold:   311        SH:  0    Dex: 17    Spells: 10/19 levels left

rFire    . . .     SeeInvis +   p - +4 short sword
rCold    . . .     Faith    .   (shield restricted)
rNeg     . . .     Spirit   .   b - +0 robe
rPois    .         Reflect  .   (helmet restricted)
rElec    .         Harm     .   (no cloak)
rCorr    .         Rampage  .   (gloves unavailable)
Will     +....                  (boots unavailable)
Stlth    ++++......             (no amulet)
HPRegen  0.13/turn              k - +6 ring of strength
MPRegen  0.20/turn              u - ring of magical power

@: confusing touch, very slightly contaminated, very quick
A: very small, unfitting armour, see invisible, speed 3
a: no special abilities


You were on level 6 of the Dungeon.
You visited 1 branch of the dungeon, and saw 6 of its levels.

You collected 311 gold pieces.

Inventory:

Hand Weapons
 a - a +1 dagger
 o - a +0 dagger of speed
 p - a +4 short sword (weapon)
 q - a cursed -2 whip
Armour
 b - a +0 robe (worn)
Jewellery
 k - a +6 ring of strength (left hand)
 u - a ring of magical power (right hand)
Wands
 t - a wand of paralysis (4)
 v - a wand of iceblast (13)
Scrolls
 e - a scroll of immolation {unknown}
 f - 3 scrolls of teleportation
 h - a scroll of magic mapping
 i - a scroll of blinking {unknown}
 m - 2 scrolls of enchant armour
 r - a scroll of fog {unknown}
 s - 3 scrolls of remove curse {unknown}
 x - a scroll of identify
 y - a scroll of brand weapon {unknown}
Potions
 c - 3 potions of mutation
 d - a potion of cancellation
 g - 3 potions of invisibility
 j - 4 potions of heal wounds
 l - a potion of attraction {unknown}
 n - a potion of degeneration
 w - 2 potions of lignification
 z - a potion of might {unknown}


   Skills:
 + Level 1.9 Fighting
 + Level 5.7 Short Blades
 - Level 5.0 Dodging
 - Level 9.1 Stealth
 - Level 6.3 Spellcasting
 + Level 7.6 Hexes


You had 10 spell levels left.
You knew the following spells:

 Your Spells              Type           Power        Failure   Level
a - Corona                Hex            34%          1%          1
b - Confusing Touch       Hex            31%          1%          3
c - Tukima's Dance        Hex            31%          1%          3
d - Ensorcelled Hibernat  Hex/Ice        36%          4%          2

Your spell library contained the following spells:

 Spells                   Type           Power        Failure   Level
 Dazzling Flash           Conj/Hex       36%          8%          3
 Bolt of Magma            Conj/Fire/Erth 2%           98%         5
 Iskenderun's Battlesphe  Conj           5%           98%         5
 Iron Shot                Conj/Erth      2%           100%        6
 Orb of Destruction       Conj           2%           100%        7
 Spellforged Servitor     Conj/Summ      2%           100%        7


Dungeon Overview and Level Annotations

Branches:
Dungeon (6/15)
 Temple: D:4-7

Altars:
Ashenzari
Gozag
Makhleb
Nemelex Xobeh
Ru
Vehumet
Wu Jian
Xom

Shops:
D:6 }


Innate Abilities, Weirdness & Mutations

You are very small and have problems with some larger weapons.
You are too small for most types of armour.
You have supernaturally acute eyesight. (SInv)
You cover ground extremely quickly.


Message History

Ouch! That really hurt!
* * * LOW HITPOINT WARNING * * *
You are too injured to fight recklessly!
Casting: Ensorcelled Hibernation (safe; 4% risk of failure)
Confirm with . or Enter, or press ? or * to list all spells.
Aiming: Tukima's Dance (safe; 1% risk of failure)
Press: ? - help, Shift-Dir - straight line, f/p - orc warrior
Aim: an orc warrior, wielding a +0 halberd, wearing a cursed +0 chain mail and quivering 13 stones (chance to affect: 71%)
The +0 halberd dances into the air!
The orc warrior barely misses you.
Casting: Tukima's Dance (safe; 1% risk of failure)
Confirm with . or Enter, or press ? or * to list all spells.
Your hands begin to glow red.
The orc warrior completely misses you.
You barely miss the orc warrior.
Your +0 halberd hits the orc warrior but does no damage.
The orc warrior hits you.
* * * LOW HITPOINT WARNING * * *
Unknown command.
You hit the orc warrior but do no damage.
The orc warrior hits you!
You die...

##.# #.# ...# #.. #.#
#### #.. #.# #.# #.#
#.# #.# ############.#
#.#
......#...##.#######
#.#
#####.#.#)........(#
#.#
#####.#.#.(..)(.@o.#
##.#
...........#.#####.#
#...
##.......###.###.#.###
##..# ##....##.#
#.........########...#
....∩.##.#
###............##.....
##..####.#
##....#>####.#......
##.# #.# ##.#.#.#
#........ # #.# #.#
##.#.#.####......).
###.####.#
#........##.>......


You could see an orc warrior and a friendly +0 halberd.

Vanquished Creatures
  Duvessa (D:5)
  A water moccasin (D:6)
  2 ice beasts
  A sky beast (D:5)
  A centaur (D:6)
  2 ogres (D:4)
  Dowan (D:5)
  2 wights (D:4)
  A crimson imp (D:5)
  A bullfrog zombie (D:5)
  2 hounds (D:4)
  A jelly (D:5)
  2 orc priests (D:4)
  2 orc wizards
  A centaur skeleton (D:6)
  Terence (D:3)
  An iguana (D:5)
  7 worker ants
  Robin (D:3)
  6 adders
  An ooze (D:4)
  An adder skeleton (D:5)
  4 worms
  5 dart slugs
  A leopard gecko (D:1)
  3 orcs
  4 giant cockroaches
  16 goblins
  8 hobgoblins
  9 jackals
  7 kobolds
  A quokka (D:2)
  9 bats
  5 frilled lizards
  A quokka skeleton (D:6)
  6 rats
118 creatures vanquished.

Vanquished Creatures (collateral kills)
  Edmund (D:4)
  2 wights (D:4)
3 creatures vanquished.

Vanquished Creatures (others)
  3 plants (D:4)
3 creatures vanquished.

Grand Total: 124 creatures vanquished

Notes
Turn   | Place    | Note
-------+----------+-------------------------------------------
     0 | D:1      | hikkokomori the Spriggan Enchanter began the quest for the
                  | Orb.
     0 | D:1      | Reached XP level 1. HP: 9/9 MP: 5/5
    59 | D:1      | Found a broken altar of Ashenzari.
   106 | D:1      | Reached XP level 2. HP: 3/13 MP: 6/6
  1011 | D:1      | Reached skill level 5 in Stealth
  1642 | D:1      | Reached XP level 3. HP: 16/16 MP: 8/8
  2012 | D:2      | Found an opulent altar of Gozag.
  2601 | D:2      | Found a shimmering altar of Xom.
  3048 | D:2      | Reached XP level 4. HP: 21/21 MP: 9/9
  3334 | D:3      | Noticed Terence
  3862 | D:3      | Noticed Robin
  3882 | D:3      | Killed Robin
  4238 | D:3      | Killed Terence
  4240 | D:3      | Reached XP level 5. HP: 4/24 MP: 11/11
  4578 | D:3      | Reached skill level 6 in Stealth
  5370 | D:3      | Reached skill level 5 in Dodging
  5375 | D:3      | Learned a level 3 spell: Confusing Touch
  5379 | D:3      | Learned a level 3 spell: Tukima's Dance
  5724 | D:4      | Noticed an ice beast
  5740 | D:4      | Killed an ice beast
  5907 | D:4      | Reached XP level 6. HP: 17/28 MP: 13/13
  6144 | D:4      | Noticed Edmund
  6201 | D:4      | Reached skill level 5 in Hexes
  6678 | D:4      | Reached skill level 7 in Stealth
  7227 | D:4      | Reached XP level 7. HP: 9/32 MP: 15/15
  7232 | D:4      | Reached skill level 5 in Spellcasting
  7991 | D:4      | Found an ornate altar of the Wu Jian Council.
  7991 | D:4      | Found a broken altar of Ashenzari.
  8256 | D:4      | Killed Edmund
  8279 | D:4      | HP: 1/30 [wight/+4 short sword (11)]
  8618 | D:4      | Reached skill level 8 in Stealth
  9010 | D:5      | Entered Level 5 of the Dungeon
  9030 | D:5      | Reached XP level 8. HP: 36/36 MP: 17/17
  9157 | D:5      | Found a radiant altar of Vehumet.
  9158 | D:5      | Found a burning altar of Makhleb.
  9410 | D:5      | Found a sacrificial altar of Ru.
  9444 | D:5      | Found a sparkling altar of Nemelex Xobeh.
  9444 | D:5      | Noticed Dowan
  9445 | D:5      | Noticed Duvessa
  9447 | D:5      | Killed Duvessa
  9477 | D:5      | Killed Dowan
  9478 | D:5      | Reached skill level 9 in Stealth
  9482 | D:5      | Learned a level 2 spell: Ensorcelled Hibernation
  9929 | D:5      | Upgraded the game from 0.26.1-15-g04117e645d to
                  | 0.26.1-16-g4e020e15dc
 10156 | D:5      | Reached skill level 5 in Short Blades
 10323 | D:5      | Reached skill level 1 in Fighting
 10568 | D:6      | Found Nuisus's Gadget Shoppe.
 10570 | D:6      | Found a sacrificial altar of Ru.
 10924 | D:6      | Mangled by an orc warrior

Illustrated notes

Levels and vault maps discovered:
D:1:      shiori_arrival_maze, layout_basic, minmay_hexomino_r4
D:2:      layout_basic, grunt_gozag_statues, xom_teletrap_fun
D:3:      layout_basic, uniq_robin, uniq_terence
D:4:      layout_basic, nicolae_overflow_hidden_temple, serial_forest,
          infiniplex_forest_clump_small, infiniplex_forest_diagonal,
          infiniplex_forest_lined_room_2, infiniplex_forest_lined_1,
          infiniplex_forest_lined_2, item_on_display_a, uniq_edmund
D:5:      layout_loops_ring, grunt_temple_overflow_lords_of_destruction,
          nemelex_xobeh_ov_fountains_minmay, nicolae_ru_the_path_less_chosen,
          uniq_duvessa
D:6:      layout_loops_ring, lemuel_doored_altar, serial_shops, shop,
          basic_altar

Skill      XL: |  1  2  3  4  5  6  7  8 |
---------------+-------------------------+-----
Stealth        | 5 6 7 8 9 |  9.1
Dodging        | 4 5 |  5.0
Spellcasting   | 3 4 5 6 |  6.3
Hexes          | 4 5 6 7 |  7.6
Short Blades   | 2 3 4 5 |  5.7
Fighting       | 1 |  1.9

Action                   |  1- 3 |  4- 6 |  7- 9 || total
-------------------------+-------+-------+-------++-------
Melee: Dagger            |   214 |   333 |    91 ||   638
       Short sword       |       |       |    96 ||    96
 Cast: Corona            |       |     1 |       ||     1
       Confusing Touch   |       |     4 |     3 ||     7
       Tukima's Dance    |       |       |     8 ||     8
       Ensorcelled Hiber |       |       |     9 ||     9
  Use: Potion            |       |     5 |       ||     5
       Scroll            |       |     5 |     3 ||     8
 Stab: Sleeping          |    15 |     9 |    19 ||    43
       Confused          |       |     4 |     2 ||     6
       Distracted        |       |     1 |       ||     1
       Invisible         |       |     4 |     1 ||     5
Armor: Robe              |    13 |     6 |     6 ||    25
Dodge: Dodged            |   152 |   204 |   113 ||   469
